 Dungeon Crawl Stone Soup version 0.30-a0-756-gc2185399d4 (webtiles) character file.

Game seed: 10777347417929885350

300 Dirtsage the Carver (level 6, -1/44 HPs)
             Began as a Merfolk Gladiator on Feb 9, 2023.
             Slain by an orc
             ... wielding a +0 whip
              (2 damage)
             ... on level 3 of the Dungeon.
             The game lasted 00:06:22 (2983 turns).

Dirtsage the Carver (Merfolk Gladiator)             Turns: 2983, Time: 00:06:23

Health: -1/44      AC:  7    Str: 15    XL:     6   Next: 36%
Magic:  6/6        EV: 12    Int:  7    God:
Gold:   145        SH:  0    Dex: 17    Spells: 5/5 levels left

rFire   . . .      SeeInvis .    a - +0 long sword
rCold   . . .      Faith    .    (no shield)
rNeg    . . .      Spirit   .    v - +0 ring mail
rPois   .          Reflect  .    c - +0 helmet
rElec   .          Harm     .    p - +0 cloak
rCorr   .          Rampage  .    (no gloves)
Will    .....                    (no boots)
Stlth   +                        (no amulet)
HPRegen 0.27/turn                (no ring)
MPRegen 0.10/turn                (no ring)

@: no status effects
A: (nimble swimmer 2), mertail
a: no special abilities


You were on level 3 of the Dungeon.
You visited 1 branch of the dungeon, and saw 4 of its levels.

You collected 145 gold pieces.

Inventory:

Hand Weapons
 a - a +0 long sword (weapon)
Missiles
 e - a javelin
 g - 3 throwing nets (quivered)
Armour
 b - a +0 leather armour
 c - a +0 helmet (worn)
 p - a +0 cloak (worn)
 v - a +0 ring mail (worn)
Wands
 s - a wand of flame (14)
 w - a wand of roots (9)
Scrolls
 h - a scroll of magic mapping {unknown}
 i - 3 scrolls of identify {unknown}
 k - 5 scrolls of enchant armour {unknown}
 m - a scroll of vulnerability {unknown}
 o - a scroll of teleportation {unknown}
 u - a scroll of amnesia {unknown}
Potions
 d - a potion of might
 f - 2 potions of brilliance {unknown}
 j - a potion of lignification {unknown}
 l - 2 potions of heal wounds
 n - a potion of degeneration {unknown}
 q - a potion of curing
 r - a potion of cancellation {unknown}
 t - a potion of flight {unknown}


   Skills:
 - Level 2.1 Fighting
 + Level 8.4 Long Blades
 - Level 2.0 Throwing
 - Level 4.0 Dodging


You had 5 spell levels left.
You didn't know any spells.
Your spell library contained the following spells:

 Spells                   Type           Power      Damage    Failure   Level
 Cigotuvi's Dreadful Rot  Necr/Pois/Air  0%         N/A       80%         2
 Poisonous Vapours        Pois/Air       0%         N/A       80%         2
 Inner Flame              Hex/Fire       0%         N/A       95%         3
 Mephitic Cloud           Conj/Pois/Air  0%         N/A       95%         3
 Cause Fear               Hex            0%         N/A       100%        4
 Discord                  Hex            0%         N/A       100%        8


Dungeon Overview and Level Annotations

Branches:
Dungeon (4/15)
 Temple: D:4-7

Altars:
Elyvilon
Zin
The Shining One

Shops:
D:1 (=?   D:2 ?


Innate Abilities, Weirdness & Mutations

((You are very nimble when in or above water. (Stealth+, EV+, Speed+++)))
Your lower body shifts to a powerful aquatic tail in water.


Message History

The orc priest mumbles some strange prayers to Beogh against you.
Beogh smites you! The orc hits you with a +0 whip.
* * * LOW HITPOINT WARNING * * *
You take 20 damage, and have 10/44 hp.
MASSIVE DAMAGE!!
You barely miss the orc priest.
The orc priest is severely wounded.
The orc priest invokes the aid of Beogh against you.
Pain shoots through your body!
* * * LOW HITPOINT WARNING * * *
The orc barely misses you.
You take 4 damage, and have 6/44 hp.
You hit the orc priest.
The orc priest is almost dead.
The orc priest misses you. The orc closely misses you.
You hit the orc priest but do no damage.
The orc priest is almost dead.
The orc priest calls upon Beogh to heal the orc.
The orc is healed somewhat.
The orc closely misses you.
You closely miss the orc priest.
The orc priest is almost dead.
The orc priest calls upon Beogh to heal the orc.
The orc's wounds heal themselves!
The orc closely misses you.
You hit the orc priest.
The orc priest is almost dead.
The orc priest hits you with a +0 hand axe.
* * * LOW HITPOINT WARNING * * *
The orc closely misses you.
You take 4 damage, and have 3/44 hp.
You closely miss the orc priest.
The orc priest is almost dead.
The orc priest hits you but does no damage.
The orc hits you with a +0 whip.
* * * LOW HITPOINT WARNING * * *
You take 2 damage, and have 1/44 hp.
You hit the orc priest.
You kill the orc priest!
The orc barely misses you.
You barely miss the orc. The orc barely misses you.
You hit the orc but do no damage. The orc hits you with a +0 whip.
You die...

###.####.#......)........##....
#........#...........#'########
########.#.#'##......#.#
#######.....##.##...#.########
#.........####................
#.........######.##.#.########
#.........+...#..##.#.# ###
#.........###)#.###.#.######..
#......<....)@.............#..
###'#+#+#.##o######.#.####....
#.#.#.#.##.######.#.#####...
#.#.#.#..#...##.............
#.#..<..#....##....#######..
#...#.###..........'..# #..
###.#..............##.# ###
#)#####...###....##.#
#....##...# #....##.#


You could see an orc.

Vanquished Creatures
  An orc priest (D:3)
  2 hounds (D:4)
  Crazy Yiuf (D:2)
  An orc wizard (D:4)
  4 gnolls (D:3)
  5 adders
  2 worms
  4 dart slugs (D:2)
  7 orcs
  2 endoplasms
  3 giant cockroaches
  3 goblins
  8 hobgoblins
  2 quokkas (D:2)
  2 ball pythons
  A bat (D:1)
  6 kobolds
  4 rats
58 creatures vanquished.

Notes
Turn   | Place    | Note
-------+----------+-------------------------------------------
     0 | D:1      | Dirtsage the Merfolk Gladiator began the quest for the Orb.
     0 | D:1      | Reached XP level 1. HP: 16/16 MP: 1/1
    68 | D:1      | Found Loorap's Magic Scroll Shop.
   107 | D:1      | Found Xaicza's Jewellery Emporium.
   156 | D:1      | Reached skill level 4 in Long Blades
   195 | D:1      | Found Viakhli's Weapon Emporium.
   428 | D:2      | Reached XP level 2. HP: 22/22 MP: 2/2
   625 | D:2      | Reached skill level 5 in Long Blades
   625 | D:2      | Reached XP level 3. HP: 27/27 MP: 3/3
   845 | D:2      | Found a runed translucent door.
   852 | D:2      | Noticed Crazy Yiuf
   933 | D:2      | Found Ygaroag's Magic Scroll Boutique.
  1261 | D:2      | Killed Crazy Yiuf
  1262 | D:2      | Reached skill level 6 in Long Blades
  1262 | D:2      | Reached XP level 4. HP: 24/33 MP: 4/4
  1809 | D:3      | Reached XP level 5. HP: 17/38 MP: 5/5
  2148 | D:3      | Found a glowing golden altar of the Shining One.
  2148 | D:3      | Found a glowing silver altar of Zin.
  2148 | D:3      | Found a white marble altar of Elyvilon.
  2156 | D:3      | Reached skill level 7 in Long Blades
  2664 | D:4      | Reached skill level 8 in Long Blades
  2664 | D:4      | Reached XP level 6. HP: 42/44 MP: 6/6
  2980 | D:3      | HP: 1/44 [orc/+0 whip (3)]
  2983 | D:3      | Slain by an orc

Illustrated notes

Levels and vault maps discovered:
D:1:      mrwooster_arrival_arrow, layout_basic, serial_shops, shop,
          nicolae_shop_stone, shop
D:2:      layout_loops_cross, serial_shops, shop, grunt_ministairs_7,
          minmay_between, uniq_crazy_yiuf_cottage
D:3:      layout_basic, dreamdust_divine_triumvirate
D:4:      layout_gridville

Skill      XL: |  1  2  3  4  5 |
---------------+----------------+-----
Long Blades    | 4 5 6 8 |  8.4
Fighting       | |  2.1
Throwing       | |  2.0
Dodging        | |  4.0

Action                     |  1- 3 |  4- 6 || total
---------------------------+-------+-------++-------
  Melee: Long sword        |    66 |   125 ||   191
         Punch             |     1 |       ||     1
    Use: Potion            |       |     3 ||     3
   Stab: Sleeping          |     2 |     1 ||     3
 Armour: Leather armour    |    15 |    16 ||    31
         Ring mail         |       |    29 ||    29
  Dodge: Dodged            |    43 |    82 ||   125

Table legend: (Time is in decaauts)
 A = Elapsed time spent in this place.
 B = Non-inter-level travel time spent in this place.
 C = Inter-level travel time spent in this place.
 D = Time resting spent in this place.
 E = Time spent auto-exploring this place.
 F = Levels seen in this place.
 G = Mean time per level.
                   A        B        C        D        E       F      G
               +--------+--------+--------+--------+--------+-----+--------+
         Total |   2997 |   2838 |    159 |    101 |   2260 |   4 |  749.2 |
       Dungeon |   2997 |   2838 |    159 |    101 |   2260 |   4 |  749.2 |
               +--------+--------+--------+--------+--------+-----+--------+

Top non-repeatable levels by time:
     D:3: 1241 daAuts
     D:2: 933 daAuts
     D:1: 427 daAuts
     D:4: 395 daAuts
